 Seeded DCSS version 0.31-a0-1620-gcbf77bbcfc (webtiles) character file.

Game seed: 560841995258110699 (custom seed)

2435 Hubris850 the Grappler (level 9, -1/64 HPs)
             Began as a White Draconian Shapeshifter on Jan 11, 2024.
             Was a Believer of Nemelex Xobeh.
             Slain by a gnoll
             ... wielding a +0 club
             ... led by a gnoll bouda
              (4 damage)
             ... on level 7 of the Dungeon.
             The game lasted 00:10:31 (5553 turns).

Hubris850 the Grappler (DrSh)                       Turns: 5553, Time: 00:10:31

Health: -1/64      AC:  7    Str: 18    XL:     9   Next: 24%
Magic:  10/10      EV: 13    Int: 12    God:    Nemelex Xobeh [**....]
Gold:   312        SH:  0    Dex: 12    Spells: 8/8 levels left

rFire   . . .        p - +5 woodcutter's axe
rCold   + . .        (shield currently unavailable)
rNeg    . . .        (body armour unavailable)
rPois   .            (helmet currently unavailable)
rElec   .            (cloak currently unavailable)
rCorr   +            (gloves currently unavailable)
SInv    .            (boots currently unavailable)
Will    .....        (no amulet)
Stlth   +            E - ring of resist corrosion
HPRegen 0.30/turn    (no ring)
MPRegen 0.12/turn

%: no passive effects
@: short of breath, beast-form, weakened
A: beast (slay +4), breathe frost, AC +7, unfitting armour, cold resistance 1,
cold-blooded
a: Breathe Frost, Begin Untransformation, Renounce Religion, Draw Escape, Draw
Destruction, Draw Summoning


You were on level 7 of the Dungeon.
You worshipped Nemelex Xobeh.
Nemelex Xobeh was pleased with you.
You were a hulking beast.
You visited 1 branch of the dungeon, and saw 7 of its levels.
You also visited: Sewer.

You collected 312 gold pieces.

Inventory:

Hand Weapons
 o - the +6 dagger of Jeidgharr {heavy, Dex+4}
   (You found it on level 3 of the Dungeon)

   Dex+4:     It affects your dexterity (+4).
 p - the +5 woodcutter's axe (weapon)
   (You found it on level 4 of the Dungeon)
 F - a +4 quarterstaff of chaos
Missiles
 e - 7 javelins (quivered)
 C - 3 poisoned darts
 D - 4 boomerangs
Armour
 G - a +0 cloak
Magical Staves
 y - a staff of earth
Jewellery
 d - a ring of ice
 E - a ring of resist corrosion (left hand)
Talismans
 b - a beast talisman
 c - a flux talisman
Wands
 q - a wand of iceblast (9)
 A - a wand of charming (19)
Scrolls
 h - 5 scrolls of teleportation
 i - a scroll of vulnerability {unknown}
 j - 3 scrolls of noise
 l - a scroll of enchant armour {unknown}
 n - a scroll of immolation {unknown}
 r - a scroll of revelation {unknown}
 u - 3 scrolls of fear {unknown}
 w - 2 scrolls of enchant weapon {unknown}
 B - 2 scrolls of amnesia {unknown}
Potions
 a - 2 potions of lignification
 f - 2 potions of might
 k - 2 potions of brilliance {unknown}
 m - 2 potions of curing {unknown}
 s - a potion of heal wounds {unknown}
 v - 3 potions of haste {unknown}
 x - a potion of invisibility {unknown}
 z - a potion of mutation {unknown}


   Skills:
 - Level 1.1 Fighting
 - Level 7.0 Throwing
 - Level 3.5 Dodging
 + Level 11.0 Unarmed Combat
 + Level 2.1 Invocations
 + Level 10.2 Shapeshifting


You had 8 spell levels left.
You didn't know any spells.
Your spell library contained the following spells:

 Spells                   Type           Power      Damage    Failure   Level
 Hailstorm                Conj/Ice       0%         3d5       69%         3
 Summon Ice Beast         Ice/Summ       0%         N/A       69%         3
 Animate Dead             Necr           0%         N/A       97%         4
 Manifold Assault         Tloc           0%         N/A       97%         4
 Dispersal                Tloc           0%         N/A       100%        6
 Sculpt Simulacrum        Ice/Alch       0%         N/A       100%        6
 Haunt                    Necr/Summ      0%         N/A       100%        7
 Disjunction              Tloc           0%         N/A       100%        8
 Infestation              Necr           0%         N/A       100%        8


Dungeon Overview and Level Annotations

Branches:
Dungeon (7/15)             Temple (0/1) D:7           Sewer (visited)

Altars:
Dithmenos
Fedhas
Gozag
Nemelex Xobeh
Qazlal
Yredelemnul

Shops:
D:6 *


Innate Abilities, Weirdness & Mutations

You are a hulking beast.
Your limbs bulge with bestial killing power. (Slay +4)
You can breathe waves of freezing cold which knock back foes.
Your icy white scales are hard. (AC +7)
You cannot fit into any form of body armour.
Your flesh is cold resistant. (rC+)
You are cold-blooded and may be slowed by cold attacks.


Message History

A gnoll comes into view. It is wielding a +0 spear.
Aiming: Breathe Frost (4% risk of failure)
Press: ? - help, Shift-Dir - straight line, f - gnoll bouda
Aim: a gnoll bouda, wielding a +0 whip and wearing a +0 leather armour (72% to hit)
Okay, then.
A gnoll comes into view. It is wielding a +0 club.
Aiming: Breathe Frost (4% risk of failure)
Press: ? - help, Shift-Dir - straight line, f - gnoll bouda
Aim: a gnoll bouda, wielding a +0 whip and wearing a +0 leather armour (72% to hit)
You exhale a wave of freezing cold.
The freezing breath misses the gnoll bouda.
The freezing breath misses the gnoll.
The gnoll shouts!
The gnoll bouda gazes fiercely through you!
You feel your attacks grow feeble.
A gnoll comes into view. It is wielding a +0 spear.
You are too injured to fight recklessly!
You are too injured to fight recklessly!
Unknown command.
The gnoll bouda hits you with a +0 whip.
The gnoll misses you.
A gnoll comes into view. It is wielding a +0 spear.
You barely miss the gnoll.
The gnoll shouts!
You hit the gnoll bouda.
The gnoll bouda hits you with a +0 whip.
* * * LOW HITPOINT WARNING * * *
The gnoll hits you but does no damage.
A gnoll comes into view. It is wielding a +0 flail.
You barely miss the gnoll. You closely miss the gnoll bouda.
The gnoll is no longer moving quickly.
The gnoll bouda hits you with a +0 whip!
* * * LOW HITPOINT WARNING * * *
The gnoll hits you with a +0 spear.
* * * LOW HITPOINT WARNING * * *
The gnoll hits you from afar with a +0 spear.
* * * LOW HITPOINT WARNING * * *
The gnoll hits you with a +0 club.
You die...
Your body glows slightly and disappears.

### ..# # #######.###.#
.######...........###
...........g.......).........
......gg..ggh............#..)
#######[...g...............#
#...................###
#......................
#...)..................
#......................
#..###................. #.##
##................ #.#
#..###.##........


You could see a gnoll bouda and 5 gnolls.

Vanquished Creatures
  A steam dragon (D:7)
  2 black bears
  An ice beast (D:5)
  A phantom (D:5)
  2 brain worms (Sewer)
  2 scorpions (D:6)
  A bombardier beetle (D:5)
  3 hounds
  Crazy Yiuf (D:6)
  A jelly (D:4)
  A sleepcap (D:6)
  6 iguanas
  4 orc wizards
  4 gnolls (D:4)
  14 adders
  4 river rats (Sewer)
  A ribbon worm (D:3)
  5 dart slugs
  8 orcs
  4 endoplasms
  4 giant cockroaches
  5 goblins
  5 hobgoblins
  3 quokkas
  8 ball pythons
  9 bats
  9 frilled lizards
  7 kobolds
  15 rats
131 creatures vanquished.

Notes
Turn   | Place    | Note
-------+----------+-------------------------------------------
     0 | D:1      | Hubris850 the Draconian Shapeshifter began the quest for
                  | the Orb.
     0 | D:1      | Reached XP level 1. HP: 16/16 MP: 1/1
   188 | D:1      | Reached XP level 2. HP: 23/23 MP: 2/2
   683 | D:2      | Reached XP level 3. HP: 28/28 MP: 3/3
   993 | D:2      | Found a faded altar of an unknown god.
  1535 | D:3      | Reached XP level 4. HP: 32/35 MP: 4/4
  1775 | D:3      | Reached skill level 4 in Unarmed Combat
  1783 | D:3      | Identified the +2 leather armour of the Hart {rF+ Str-3
                  | Stlth+}
  1848 | D:3      | Reached skill level 1 in Throwing
  1863 | D:3      | Reached XP level 5. HP: 38/40 MP: 5/5
  2163 | D:3      | Identified the +6 dagger of Jeidgharr {heavy, Dex+4}
  2313 | D:4      | Found the +5 woodcutter's axe
  2611 | D:4      | Noticed a black bear
  2618 | D:4      | Killed a black bear
  2619 | D:4      | Reached XP level 6. HP: 47/47 MP: 6/6
  2619 | D:4      | Reached skill level 8 in Unarmed Combat
  2619 | D:4      | Your scales start taking on an icy white colour.
  2619 | D:4      | Reached XP level 7. HP: 52/52 MP: 7/7
  2619 | D:4      | Gained mutation: Your flesh is cold resistant. (rC+) [White
                  | Draconian growth]
  2620 | D:4      | Reached skill level 10 in Unarmed Combat
  2620 | D:4      | Reached skill level 10 in Shapeshifting
  2620 | D:4      | Reached XP level 8. HP: 59/59 MP: 8/8
  3057 | D:5      | Entered Level 5 of the Dungeon
  3092 | D:5      | Found a blossoming altar of Fedhas.
  3098 | D:5      | Found a sparkling altar of Nemelex Xobeh.
  3101 | D:5      | Found a shadowy altar of Dithmenos.
  3101 | D:5      | Found a stormy altar of Qazlal.
  3103 | D:5      | Became a worshipper of Nemelex Xobeh the Trickster
  3110 | D:5      | Found a basalt altar of Yredelemnul.
  3187 | D:5      | Found a glowing drain.
  3191 | Sewer    | Entered a sewer
  3785 | D:5      | Reached skill level 1 in Invocations
  4059 | D:5      | Reached * piety under Nemelex Xobeh
  4059 | D:5      | Received a gift from Nemelex Xobeh
  4594 | D:6      | Reached XP level 9. HP: 64/64 MP: 10/10
  4633 | D:6      | Reached skill level 11 in Unarmed Combat
  4636 | D:6      | Found Bisonib's Assorted Antiques.
  4846 | D:6      | Found an opulent altar of Gozag.
  5164 | D:6      | Found a runed translucent door.
  5165 | D:6      | Noticed Crazy Yiuf
  5172 | D:6      | Killed Crazy Yiuf
  5427 | D:7      | Found a staircase to the Ecumenical Temple.
  5447 | D:7      | Reached ** piety under Nemelex Xobeh
  5553 | D:7      | HP: 3/64 [gnoll/+0 spear[a gnoll bouda] (4)]
  5553 | D:7      | Slain by a gnoll

Illustrated notes

Levels and vault maps discovered:
D:1:      ncdulo_smallfort, layout_loops_cross
D:2:      layout_loops_cross, ebering_ecumenical_altar_sacrificial
D:3:      minmay_skewed_foursquare, layout_basic, serial_bayou_pond_a
D:4:      layout_loops_ring
D:5:      layout_cave_pools, nicolae_overflow_hallway_of_the_gods,
          mainiacjoe_sewer_entry_somewhere_in_here_2
D:6:      layout_layer_cave, grunt_gozag_statues, serial_shops, shop,
          uniq_crazy_yiuf_cottage
D:7:      layout_rooms, minmay_temple_entry_overgrown

Skill      XL: |  1  2  3  4  5  6  7  8  9 |
---------------+----------------------------+-----
Dodging        | 2 3 |  3.5
Unarmed Combat | 4 8 10 11 | 11.0
Throwing       | 1 2 7 |  7.0
Shapeshifting  | 4 7 10 | 10.2
Invocations    | 1 2 |  2.1
Fighting       | |  1.1

Action                     |  1- 3 |  4- 6 |  7- 9 || total
---------------------------+-------+-------+-------++-------
  Melee: Unarmed           |    92 |    62 |       ||   154
         Tailslap          |     4 |     9 |     7 ||    20
         Punch             |     2 |     2 |       ||     4
         Battleaxe         |       |    27 |   149 ||   176
  Throw: Javelin           |       |     5 |       ||     5
 Invoke: Draw Destruction  |       |       |     2 ||     2
Ability: Breathe Frost     |       |       |     1 ||     1
    Use: Potion            |       |     1 |     1 ||     2
         Scroll            |       |       |     4 ||     4
   Stab: Sleeping          |       |     2 |     2 ||     4
 Armour: Skin              |    52 |    40 |    88 ||   180
  Dodge: Dodged            |    65 |    56 |    66 ||   187

Table legend: (Time is in decaauts)
 A = Elapsed time spent in this place.
 B = Non-inter-level travel time spent in this place.
 C = Inter-level travel time spent in this place.
 D = Time resting spent in this place.
 E = Time spent auto-exploring this place.
 F = Levels seen in this place.
 G = Mean time per level.
                   A        B        C        D        E       F      G
               +--------+--------+--------+--------+--------+-----+--------+
         Total |   5590 |   5441 |    149 |      0 |   4556 |   8 |  698.8 |
       Dungeon |   5027 |   4878 |    149 |      0 |   4100 |   7 |  718.1 |
         Sewer |    562 |    562 |      0 |      0 |    456 |   1 |  562.0 |
               +--------+--------+--------+--------+--------+-----+--------+

Top non-repeatable levels by time:
     D:6: 1164 daAuts
     D:3: 909 daAuts
     D:4: 799 daAuts
     D:2: 728 daAuts
     D:5: 690 daAuts
     D:1: 610 daAuts
   Sewer: 562 daAuts
     D:7: 125 daAuts
